 Dungeon Crawl Stone Soup version 0.30-a0-354-g6b83867211 (webtiles) character file.

Game seed: 2197281786458116916

91 blackman the Sneak (level 4, -3/35 HPs)
             Began as a Human Delver on Nov 6, 2022.
             Slain by a water moccasin zombie (5 damage)
             ... in an ossuary on Nov 7, 2022.
             The game lasted 00:02:59 (604 turns).

blackman the Sneak (Human Delver)                    Turns: 604, Time: 00:03:00

Health: -3/35      AC:  3    Str: 13    XL:     4   Next: 87%
Magic:  4/4        EV: 12    Int: 12    God:
Gold:   24         SH:  0    Dex: 14    Spells: 3/3 levels left

rFire   + . .      SeeInvis .    j - +0 war axe
rCold   + . .      Faith    .    (no shield)
rNeg    . . .      Spirit   .    b - +0 leather armour
rPois   +          Reflect  .    (no helmet)
rElec   +          Harm     .    (no cloak)
rCorr   +          Rampage  .    (no gloves)
Will    .....                    (no boots)
Stlth   +++.......               (no amulet)
HPRegen 0.25/turn                (no ring)
MPRegen 0.09/turn                (no ring)

@: mighty, resistant, hasted, very quick
A: no striking features
a: no special abilities


You were in an ossuary.
You visited 1 branch of the dungeon, and saw 2 of its levels.
You also visited: Ossuary.

You collected 24 gold pieces.

Inventory:

Hand Weapons
 a - a +0 falchion
 j - a +0 war axe (weapon)
Armour
 b - a +0 leather armour (worn)
Wands
 g - a wand of digging (3)
Scrolls
 c - a scroll of fog
 d - a scroll of magic mapping


   Skills:
 - Level 3.0 Fighting
 - Level 2.0 Long Blades
 * Level 0.0 Axes
 - Level 2.0 Dodging
 - Level 5.0 Stealth
 - Level 3.9 Evocations


You had 3 spell levels left.
You didn't know any spells.
Your spell library contained the following spells:

 Spells                   Type           Power      Damage    Failure   Level
 Cigotuvi's Dreadful Rot  Necr/Pois/Air  0%         N/A       54%         2
 Dispel Undead            Necr           0%         3d6       99%         4
 Death Channel            Necr           0%         N/A       100%        6


Dungeon Overview and Level Annotations

Branches:
Dungeon (6/15)            Ossuary (1/1)
 Temple: D:4-7

Altars:


Message History

* * * LOW HITPOINT WARNING * * *
You barely miss the water moccasin zombie.
The water moccasin zombie is almost destroyed.
The water moccasin zombie bites you but does no damage.
You closely miss the water moccasin zombie.
The water moccasin zombie is almost destroyed.
The water moccasin zombie barely misses you.
The water moccasin zombie bites you.
* * * LOW HITPOINT WARNING * * *
You barely miss the water moccasin zombie.
The water moccasin zombie is almost destroyed.
The water moccasin zombie closely misses you.
You slash the water moccasin zombie!
You destroy the water moccasin zombie!
The water moccasin zombie completely misses you.
Your Evocations skill increases to level 3!
You have reached level 4!
You feel stronger.
It was a potion of might.
You feel very mighty all of a sudden. The water moccasin zombie bites you.
* * * LOW HITPOINT WARNING * * *
It was a potion of resistance.
You feel protected.
You slash the water moccasin zombie!
The water moccasin zombie is moderately damaged.
The water moccasin zombie bites you.
* * * LOW HITPOINT WARNING * * *
The water moccasin zombie barely misses you.
You hit the water moccasin zombie.
The water moccasin zombie is heavily damaged.
The water moccasin zombie bites you.
* * * LOW HITPOINT WARNING * * *
You barely miss the water moccasin zombie.
The water moccasin zombie is heavily damaged.
The water moccasin zombie barely misses you.
You slash the water moccasin zombie!
The water moccasin zombie is severely damaged.
The water moccasin zombie bites you.
You die...

#...'.∩.#!)$!+
#...#...#!!!?#
#...##### ####
#...# ###'#
#...# #...#
#...# #..@#
###Z#


ZZ# ...# #...# #...# ##+## You could see a water moccasin zombie, a hobgoblin
zombie and a kobold zombie.

Vanquished Creatures
  A water moccasin zombie (Ossuary)
  A hound (D:5)
  An adder zombie (Ossuary)
  An orc (D:5)
  A gnoll zombie (Ossuary)
  A hobgoblin zombie (Ossuary)
6 creatures vanquished.

Notes
Turn   | Place    | Note
-------+----------+-------------------------------------------
     0 | D:5      | blackman the Human Delver began the quest for the Orb.
     0 | D:5      | Reached XP level 1. HP: 18/18 MP: 1/1
    16 | D:5      | Upgraded the game from 0.30-a0-347-gf58ed5266c to
                  | 0.30-a0-354-g6b83867211
   134 | D:5      | Noticed a hound
   148 | D:5      | Killed a hound
   149 | D:5      | Reached XP level 2. HP: 10/24 MP: 2/2
   149 | D:5      | Reached XP level 3. HP: 12/29 MP: 3/3
   532 | D:6      | Found a sand-covered staircase.
   541 | Ossuary  | Entered an ossuary
   599 | Ossuary  | Reached XP level 4. HP: 6/35 MP: 4/4
   602 | Ossuary  | HP: 1/35 [water moccasin zombie (2)]
   604 | Ossuary  | Slain by a water moccasin zombie

Illustrated notes

Levels and vault maps discovered:
D:5:      layout_basic, uniq_crazy_yiuf_cottage
D:6:      minmay_bubble_buster, layout_basic, nicolae_overflow_hidden_temple,
          nicolae_ossuary_entry_ruins, st_stairs_14
Ossuary:  ossuary_tomb_2

Skill      XL: |  1  2  3 |
---------------+----------+-----
Evocations     | 2 3 |  3.9
Fighting       | |  3.0
Long Blades    | |  2.0
Dodging        | |  2.0
Stealth        | |  5.0

Action                   |  1- 3 |  4- 6 || total
-------------------------+-------+-------++-------
Melee: War axe           |    40 |     4 ||    44
       Falchion          |     7 |       ||     7
  Use: Potion            |     2 |     2 ||     4
       Scroll            |     1 |       ||     1
Armor: Leather armour    |     4 |       ||     4
Dodge: Dodged            |    34 |     2 ||    36

Table legend: (Time is in decaauts)
 A = Elapsed time spent in this place.
 B = Non-inter-level travel time spent in this place.
 C = Inter-level travel time spent in this place.
 D = Time resting spent in this place.
 E = Time spent auto-exploring this place.
 F = Levels seen in this place.
 G = Mean time per level.
                   A        B        C        D        E       F      G
               +--------+--------+--------+--------+--------+-----+--------+
         Total |    598 |    536 |     62 |    101 |    297 |   3 |  199.3 |
       Dungeon |    533 |    471 |     62 |    101 |    267 |   2 |  266.5 |
       Ossuary |     65 |     65 |      0 |      0 |     30 |   1 |   65.0 |
               +--------+--------+--------+--------+--------+-----+--------+

Top non-repeatable levels by time:
     D:5: 317 daAuts
     D:6: 215 daAuts
 Ossuary: 65 daAuts
